 Dungeon Crawl Stone Soup version 0.32-a0-899-geb5ba95 (webtiles) character file.

Game seed: 4972301415302946023

16002 CumLord the Cleaver (level 12, -24/94 HPs)
             Began as a Human Fighter on Apr 4, 2024.
             Was an Elder of Yredelemnul.
             Killed from afar by Frances (51 damage)
             ... with an iron shot
             ... on level 13 of the Dungeon.
             The game lasted 00:22:20 (8904 turns).

CumLord the Cleaver (Human Fighter)                 Turns: 8904, Time: 00:22:21

Health: -24/94     AC: 20    Str: 22    XL:     12   Next: 32%
Magic:  10/10      EV:  7    Int:  8    God:    Yredelemnul [****..]
Gold:   669        SH:  6    Dex: 15    Spells: 11/11 levels left

rFire   . . .        a - +0 war axe
rCold   . . .        c - +0 buckler
rNeg    . . .        p - +0 plate armour
rPois   .            s - +0 helmet
rElec   .            C - +0 cloak
rCorr   .            j - +2 pair of gloves
SInv    +            (no boots)
Will    +....        k - amulet of regeneration Stlth
                     i - ring of willpower
HPRegen 1.15/turn    z - ring of see invisible
MPRegen 0.12/turn

%: no passive effects
@: wreathed by umbra
A: explore regen, low MP 1, screaming 1, strong 1
a: Renounce Religion, Light the Black Torch, Recall Undead Harvest, Hurl
Torchlight, Bind Soul


You were on level 13 of the Dungeon.
You worshipped Yredelemnul.
Yredelemnul was noncommittal.
You visited 1 branch of the dungeon, and saw 13 of its levels.

You collected 779 gold pieces.
You spent 110 gold pieces at shops.

Inventory:

Hand Weapons
 a - a +0 war axe (weapon)
Missiles
 v - 5 throwing nets (quivered)
Armour
 c - a +0 buckler (worn)
 j - a +2 pair of gloves (worn)
 p - a +0 plate armour (worn)
 s - a +0 helmet (worn)
 C - a +0 cloak (worn)
 E - an orb of light
Jewellery
 i - a ring of willpower (left hand)
 k - an amulet of regeneration (around neck)
 n - a +5 ring of evasion
 o - an amulet of faith
 y - a +5 ring of evasion
 z - a ring of see invisible (right hand)
 A - the amulet of Avuff {RegenMP+ SInv Stlth+}
   (You found it on level 9 of the Dungeon)

   [amulet of magic regeneration]

   It increases your rate of magic regeneration.
   SInv:      It lets you see invisible.
   Stlth+:    It makes you more stealthy.
   RegenMP+:  It increases your rate of magic regeneration.
Wands
 h - a wand of roots (26)
 r - a wand of flame (20)
 t - a wand of paralysis (12)
 w - a wand of digging (2)
 x - a wand of mindburst (16)
 D - a wand of light (5)
Scrolls
 g - 6 scrolls of teleportation
 u - a scroll of immolation
 B - a scroll of amnesia
 F - 3 scrolls of fear
 G - a scroll of fog
 H - a scroll of identify
Potions
 b - 5 potions of enlightenment
 e - a potion of invisibility
 f - 2 potions of attraction
 l - 2 potions of curing
 m - a potion of ambrosia
 q - 5 potions of heal wounds
 I - 2 potions of mutation
 J - a potion of berserk rage
 K - 2 potions of might
Miscellaneous
 d - a phantom mirror


   Skills:
 + Level 8.8 Fighting
 + Level 12.9 Axes
 + Level 10.1 Armour
 + Level 3.4 Dodging
 + Level 2.3 Stealth
 + Level 8.1 Shields
 + Level 0.1 Invocations


You had 11 spell levels left.
You didn't know any spells.
Your spell library contained the following spells:

 Spells                   Type           Power      Damage    Failure   Level
 Magic Dart               Conj           0%         1d3       100%        1
 Sting                    Conj/Alch      0%         1d3       100%        1
 Blink                    Tloc           0%         N/A       100%        2
 Call Imp                 Summ           0%         N/A       100%        2
 Ensorcelled Hibernation  Hex/Ice        0%         N/A       100%        2
 Mercury Vapours          Alch/Air       0%         N/A       100%        2
 Fugue of the Fallen      Necr           0%         N/A       100%        3
 Mephitic Cloud           Conj/Alch/Air  0%         N/A       100%        3
 Tukima's Dance           Hex            0%         N/A       100%        3
 Anguish                  Hex/Necr       0%         N/A       100%        4
 Olgreb's Toxic Radiance  Alch           0%         N/A       100%        4
 Passage of Golubria      Tloc           0%         N/A       100%        4
 Freezing Cloud           Conj/Ice/Air   0%         6-21      100%        5
 Yara's Violent Unravell  Hex/Alch       0%         3d3       100%        5
 Conjure Ball Lightning   Conj/Air       0%         3x3d6     100%        6
 Discord                  Hex            0%         N/A       100%        8
 Disjunction              Tloc           0%         N/A       100%        8


Dungeon Overview and Level Annotations

Branches:
Dungeon (13/15)            Temple (0/1) D:5            Lair (0/5) D:10
    Orc (0/2) D:12
 Vaults: D:13-14

Altars:
Ashenzari
Cheibriados
Dithmenos
Fedhas
Gozag
Makhleb
Nemelex Xobeh
Sif Muna
Trog
Vehumet
Yredelemnul

Shops:
D:5 !   D:12 (

Annotations:
D:13 Frances


Innate Abilities, Weirdness & Mutations

You regain HP and MP as you explore.
Your magical capacity is low. (-10% MP)
You occasionally shout uncontrollably at your foes.
Your muscles are strong. (Str +4, Int/Dex -1)


Message History

Moving in this stuff is going to be slow.
Partly explored, can't reach some places.
You see here a +1 whip of venom.
There is an empty arch of ancient stone here.
There is nothing on the other side of the stone arch.
You swap places.
You swap places.
You swap places.
You swap places.
Your boulder beetle zombie waves its antennae.
There is a stone staircase leading down here.
You return your torch's flame to Yredelemnul, and they are glorified by your conquest!
You climb downwards.
Your mindless puppet stays behind to rot.
There is a stone staircase leading up here.
Frances mutters in a terrible tongue.
Frances seems to speed up.
Frances screams a word of power!
The shard of ice hits you!!
Frances screams a word of power!
The shard of ice hits you!! You block Frances's attack.
You lift the black torch aloft and begin your conquest of Level 13 of the Dungeon in Yredelemnul's name!
Yredelemnul sends servants to aid you!
Frances mutters in a terrible tongue.
You block the shard of ice. Frances barely misses you.
Frances mutters in a terrible tongue.
The shard of ice hits you!!!
Ouch! That really hurt!
* * * LOW HITPOINT WARNING * * *
You feel much better.
Frances screams a word of power!
The iron shot hits you!
* * * LOW HITPOINT WARNING * * *
Your wraith hits Frances.
Frances mutters in a terrible tongue.
The iron shot hits you!!!
Ouch! That really hurt!
You die...
Your body rises from the dead as a mindless zombie.

..# ########..#
..........#
..........#
..........+
..........#
......W@..#
......W@..#
####....W.######
#............
#####........
#..#####. #<.#
#..# #..# #..#


You could see Frances (fast, ally target), 2 friendly wraiths and a friendly
shadow (summoned).

Vanquished Creatures
  Snorg (D:11)
  2 boulder beetles (D:12)
  A manticore (D:12)
  A cyclops (D:11)
  A komodo dragon (D:10)
  A slime creature (D:12)
  2 shadows
  A water elemental (D:12)
  3 wyverns
  9 yaks
  A basilisk (D:11)
  A warg (D:12)
  3 vampire mosquitoes (D:12)
  A water moccasin (D:6)
  An orc warrior (D:8)
  2 ice beasts
  2 boggarts (D:10)
  An ogre (D:5)
  5 wolves
  3 centaurs
  A kobold brigand (D:9)
  4 scorpions
  An electric eel (D:12)
  A bombardier beetle (D:3)
  7 hounds
  2 orc priests
  Ijyb (D:3)
  3 iguanas
  An orc wizard (D:7)
  2 sleepcaps
  4 adders
  5 gnolls
  2 shadow imps
  2 white imps
  2 ufetubi (D:6)
  2 dart slugs (D:1)
  16 orcs
  5 bats
  8 endoplasms
  2 giant cockroaches (D:2)
  9 goblins
  7 hobgoblins
  8 jackals (D:3)
  4 quokkas
  9 ball pythons
  2 frilled lizards
  11 kobolds
  6 rats
169 creatures vanquished.

Vanquished Creatures (collateral kills)
  Harold (D:11)
  4 two-headed ogres
  An ugly thing (D:11)
  A manticore (D:11)
  An unseen horror (D:11)
  3 trolls
  Prince Ribbit (D:7)
  3 slime creatures (D:12)
  Grum (D:9)
  3 vampire mosquitoes (D:12)
  An acid dragon (D:9)
  A water moccasin (D:5)
  2 ice beasts
  An orc warrior (D:9)
  3 black bears
  4 wolves
  4 centaurs
  A bullfrog (D:9)
  3 howler monkeys (D:8)
  3 electric eels (D:12)
  2 hounds (D:10)
  An orc priest (D:11)
  A jelly (D:7)
  A sleepcap (D:5)
  An iguana (D:5)
  4 orc wizards
  3 gnolls
  2 adders (D:4)
  A white imp (D:8)
  11 orcs
  3 kobolds (D:9)
72 creatures vanquished.

Vanquished Creatures (others)
  A komodo dragon zombie (D:10)
  A wyvern zombie (D:9)
  A warg zombie (D:12)
  A wolf zombie (D:9)
  2 centaur zombies
  A bullfrog zombie (D:9)
  A jelly zombie (D:7)
  An adder zombie (D:6)
  A gnoll zombie (D:8)
  5 orc zombies
15 creatures vanquished.

Grand Total: 256 creatures vanquished

Notes
Turn   | Place    | Note
-------+----------+-------------------------------------------
     0 | D:1      | CumLord the Human Fighter began the quest for the Orb.
     0 | D:1      | Reached XP level 1. HP: 18/18 MP: 1/1
   145 | D:1      | Reached XP level 2. HP: 24/24 MP: 2/2
   730 | D:1      | Reached XP level 3. HP: 29/29 MP: 3/3
   793 | D:1      | Gained mutation: Your body sometimes deteriorates upon
                  | taking damage. [potion of mutation]
   793 | D:1      | Gained mutation: You have large cloven feet. [potion of
                  | mutation]
  1149 | D:2      | Lost mutation: You have large cloven feet. [potion of
                  | mutation]
  1149 | D:2      | Lost mutation: Your body sometimes deteriorates upon taking
                  | damage. [potion of mutation]
  1149 | D:2      | Gained mutation: You occasionally shout uncontrollably at
                  | your foes. [potion of mutation]
  1149 | D:2      | Gained mutation: You expend magic power (3 MP) to
                  | strengthen your wands. [potion of mutation]
  1149 | D:2      | Gained mutation: You sometimes lose your temper in combat.
                  | [potion of mutation]
  1149 | D:2      | Gained mutation: You have a pair of small horns on your
                  | head. [potion of mutation]
  1460 | D:3      | Noticed Ijyb
  1469 | D:3      | Reached XP level 4. HP: 17/35 MP: 4/4
  1481 | D:3      | Killed Ijyb
  1575 | D:3      | Reached skill level 3 in Axes
  1635 | D:3      | Noticed an ice beast
  1642 | D:3      | HP: 1/55 [ice beast (5)]
  1647 | D:3      | Killed an ice beast
  1648 | D:3      | Reached skill level 1 in Dodging
  1648 | D:3      | Reached XP level 5. HP: 3/42 MP: 5/5
  1794 | D:3      | Lost mutation: You have a pair of small horns on your head.
                  | [potion of mutation]
  1794 | D:3      | Lost mutation: You expend magic power (3 MP) to strengthen
                  | your wands. [potion of mutation]
  1794 | D:3      | Lost mutation: You sometimes lose your temper in combat.
                  | [potion of mutation]
  1794 | D:3      | Gained mutation: Your magical capacity is low. (-10% MP)
                  | [potion of mutation]
  1794 | D:3      | Gained mutation: Your muscles are strong. (Str +4, Int/Dex
                  | -1) [potion of mutation]
  1904 | D:3      | Found a radiant altar of Vehumet.
  2046 | D:3      | Reached XP level 6. HP: 48/48 MP: 5/5
  2182 | D:4      | Found a basalt altar of Yredelemnul.
  2189 | D:4      | Found a blossoming altar of Fedhas.
  2227 | D:4      | Reached skill level 4 in Axes
  2248 | D:4      | Became a worshipper of Yredelemnul the Fallen
  2330 | D:4      | Found a burning altar of Makhleb.
  2414 | D:4      | Found a broken altar of Ashenzari.
  2481 | D:4      | Found a snail-covered altar of Cheibriados.
  2926 | D:5      | Entered Level 5 of the Dungeon
  3091 | D:5      | Reached XP level 7. HP: 37/54 MP: 6/6
  3093 | D:5      | Reached skill level 5 in Axes
  3112 | D:5      | Found Buguonun's Distillery.
  3120 | D:5      | Bought a potion of heal wounds for 55 gold pieces
  3120 | D:5      | Bought a potion of heal wounds for 55 gold pieces
  3436 | D:5      | Reached skill level 5 in Armour
  3474 | D:5      | Found a staircase to the Ecumenical Temple.
  3483 | D:5      | Reached skill level 6 in Axes
  3483 | D:5      | Reached XP level 8. HP: 54/61 MP: 7/7
  3999 | D:6      | Reached * piety under Yredelemnul
  4033 | D:6      | Reached skill level 7 in Axes
  4121 | D:6      | Reached skill level 5 in Fighting
  4121 | D:6      | Reached skill level 5 in Shields
  4125 | D:6      | Reached skill level 1 in Stealth
  4125 | D:6      | Reached XP level 9. HP: 68/68 MP: 8/8
  4181 | D:6      | Found a sparkling altar of Nemelex Xobeh.
  4181 | D:6      | Found an opulent altar of Gozag.
  4421 | D:7      | Reached skill level 8 in Axes
  4494 | D:7      | Reached ** piety under Yredelemnul
  4693 | D:7      | Noticed Prince Ribbit
  4706 | D:7      | Killed Prince Ribbit
  5154 | D:8      | Reached skill level 9 in Axes
  5271 | D:8      | Reached *** piety under Yredelemnul
  5768 | D:9      | Found a shadowy altar of Dithmenos.
  5930 | D:9      | Noticed Grum
  5944 | D:9      | Reached XP level 10. HP: 56/76 MP: 9/9
  5967 | D:9      | Killed Grum
  6139 | D:9      | Reached skill level 10 in Axes
  6237 | D:9      | Identified the amulet of Avuff {RegenMP+ SInv Stlth+}
  6449 | D:9      | Found a bloodstained altar of Trog.
  6710 | D:10     | Entered Level 10 of the Dungeon
  6710 | D:10     | Found a shimmering blue altar of Sif Muna.
  6863 | D:10     | Noticed a two-headed ogre
  6871 | D:10     | Killed a two-headed ogre
  7014 | D:10     | Found a staircase to the Lair.
  7030 | D:10     | Reached skill level 11 in Axes
  7241 | D:10     | Noticed a two-headed ogre
  7241 | D:10     | Noticed a two-headed ogre
  7247 | D:10     | Killed a two-headed ogre
  7248 | D:10     | Reached XP level 11. HP: 34/84 MP: 9/9
  7251 | D:10     | Killed a two-headed ogre
  7464 | D:11     | Noticed Harold
  7471 | D:11     | Killed Harold
  7471 | D:11     | Reached **** piety under Yredelemnul
  7682 | D:11     | Noticed a two-headed ogre
  7694 | D:11     | Killed a two-headed ogre
  7808 | D:11     | Noticed a cyclops
  7809 | D:11     | Noticed a manticore
  7815 | D:11     | Killed a cyclops
  7822 | D:11     | Killed a manticore
  7871 | D:11     | Noticed a red ugly thing
  7881 | D:11     | Killed a red ugly thing
  7950 | D:11     | Noticed Snorg
  7961 | D:11     | Killed Snorg
  7962 | D:11     | Reached skill level 12 in Axes
  8238 | D:12     | Noticed a boulder beetle
  8252 | D:12     | Killed a boulder beetle
  8284 | D:12     | Reached XP level 12. HP: 79/94 MP: 10/10
  8349 | D:12     | Found a gate leading to a gauntlet.
  8380 | D:12     | Found a staircase to the Orcish Mines.
  8421 | D:12     | Noticed a boulder beetle
  8439 | D:12     | Reached skill level 10 in Armour
  8451 | D:12     | Killed a boulder beetle
  8516 | D:12     | Found Uliwo's Antique Weapon Boutique.
  8897 | D:13     | Noticed Frances
  8904 | D:13     | Killed from afar by Frances

Illustrated notes

Levels and vault maps discovered:
D:1:      sevenhm_arrival_forest_fort_large_4, layout_basic, fountainhead
D:2:      layout_rooms
D:3:      layout_rooms, nicolae_vehumet_altar_sigil, uniq_ijyb
D:4:      layout_cave_pods, mainiacjoe_overflow_cross_hatched,
          old_standard_altar, makhleb_heckhound_becter, jmf_multi_god_temple,
          serial_column_ruins, column_ruins_grid_3, column_ruins_grid_3,
          column_ruins_open_tiny, column_ruins_open_tiny_water
D:5:      layout_basic, minmay_temple_entry_large_hall, serial_shops,
          nicolae_shop_industrial_runoff
D:6:      layout_cave_pools, grunt_temple_overflow_opulence
D:7:      layout_basic, uniq_prince_ribbit1
D:8:      layout_basic, marbit_many_paths
D:9:      layout_stronghold, mainiacjoe_overflow_paths,
          mainiacjoe_overflow_tiny_flanked, hangedman_abyss_or_decor_clamps,
          uniq_grum
D:10:     layout_loops_ring, mainiacjoe_overflow_brackets, erik_lair_island,
          nicolae_phantomly_mirrored
D:11:     layout_roguey, small_statue_intersection, uniq_snorg, uniq_harold
D:12:     layout_basic, minmay_orc_entry_guard_dogs, gauntlet_entry_generic,
          serial_shops, shop, nicolae_tricolors
D:13:     layout_irregular_city, serial_library_regret_index_branch_corner,
          uniq_frances, uniq_sonja

Skill      XL: |  1  2  3  4  5  6  7  8  9 10 11 12 |
---------------+-------------------------------------+-----
Axes           | 3 4 6 7 9 11 12 | 12.9
Armour         | 4 5 6 8 9 10 | 10.1
Dodging        | 1 2 3 |  3.4
Fighting       | 4 5 6 7 8 |  8.8
Shields        | 4 5 6 7 8 |  8.1
Stealth        | 1 2 |  2.3
Invocations    | |  0.1

Action                     |  1- 3 |  4- 6 |  7- 9 | 10-12 || total
---------------------------+-------+-------+-------+-------++-------
  Melee: War axe           |    85 |   124 |   206 |   268 ||   683
         Headbutt          |     2 |     3 |       |       ||     5
         Kick              |     1 |       |       |       ||     1
 Invoke: Light the Black T |       |     2 |     4 |     4 ||    10
         Hurl Torchlight   |       |       |       |     1 ||     1
    Use: Scroll            |     7 |     5 |     3 |     1 ||    16
         Potion            |     4 |     2 |     3 |     5 ||    14
   Stab: Distracted        |       |       |     2 |     2 ||     4
 Armour: Scale mail        |    83 |   105 |       |       ||   188
         Plate armour      |       |    14 |   206 |   297 ||   517
  Dodge: Dodged            |    41 |    81 |   146 |   123 ||   391
  Block: Buckler           |    18 |    48 |    83 |   109 ||   258

Table legend: (Time is in decaauts)
 A = Elapsed time spent in this place.
 B = Non-inter-level travel time spent in this place.
 C = Inter-level travel time spent in this place.
 D = Time resting spent in this place.
 E = Time spent auto-exploring this place.
 F = Levels seen in this place.
 G = Mean time per level.
                   A        B        C        D        E       F      G
               +--------+--------+--------+--------+--------+-----+--------+
         Total |   9031 |   8977 |     54 |     55 |   6724 |  13 |  694.7 |
       Dungeon |   9031 |   8977 |     54 |     55 |   6724 |  13 |  694.7 |
               +--------+--------+--------+--------+--------+-----+--------+

Top non-repeatable levels by time:
     D:1: 1052 daAuts
     D:9: 969 daAuts
     D:5: 962 daAuts
     D:4: 801 daAuts
    D:11: 767 daAuts
    D:10: 757 daAuts
     D:3: 725 daAuts
     D:7: 707 daAuts
    D:12: 665 daAuts
     D:8: 655 daAuts
     D:6: 521 daAuts
     D:2: 438 daAuts
    D:13: 6 daAuts
